 Dungeon Crawl Stone Soup version 0.29-a0-997-gf6f7e2dfe7 (webtiles) character file.

Game seed: 10986858533859078000

333 nicolae the Changer (level 6, 0/47 HPs)
             Began as a Draconian Transmuter on Aug 4, 2022.
             Frozen to death by an endoplasm (4 damage)
             ... on level 4 of the Dungeon.
             The game lasted 00:05:02 (3442 turns).

nicolae the Changer (Draconian Transmuter)          Turns: 3442, Time: 00:05:03

Health: 0/47       AC:  6    Str: 13    XL:     6   Next: 27%
Magic:  9/9        EV: 12    Int: 15    God:
Gold:   219        SH:  0    Dex: 11    Spells: 3/9 levels left

rFire   . . .      SeeInvis .     - Unarmed
rCold   . . .      Faith    .   (no shield)
rNeg    . . .      Spirit   .   (body armour unavailable)
rPois   .          Reflect  .   (helmet currently unavailable)
rElec   .          Harm     .   (no cloak)
rCorr   .          Rampage  .   (no gloves)
Will    .....                   (boots currently unavailable)
Stlth   +.........              (no amulet)
HPRegen 0.15/turn               (no ring)
MPRegen 0.11/turn               (no ring)

@: appendages, slowed, very slow
A: horns 2, talons 2, AC +6, unfitting armour, cold-blooded
a: End Transformation


You were on level 4 of the Dungeon.
You had temporarily grown beastly horns and talons.
You visited 1 branch of the dungeon, and saw 4 of its levels.

You collected 219 gold pieces.

Inventory:

Missiles
 j - 10 poisoned darts
 m - 4 boomerangs
 n - 2 javelins
Armour
 i - a +2 hat (melded)
Scrolls
 b - a scroll of silence
 c - a scroll of teleportation {unknown}
 d - a scroll of enchant weapon {unknown}
 f - a scroll of magic mapping {unknown}
 g - a scroll of enchant armour
 h - a scroll of fear {unknown}
 k - a scroll of acquirement {unknown}
 l - a scroll of brand weapon {unknown}
Potions
 a - 2 potions of might
 e - a potion of resistance {unknown}
 o - a potion of heal wounds
 p - a potion of mutation


   Skills:
 - Level 1.1 Fighting
 - Level 1.7 Dodging
 - Level 3.0 Unarmed Combat
 - Level 2.0 Spellcasting
 - Level 5.0 Transmutations
 + Level 4.2 Poison Magic


You had 3 spell levels left.
You knew the following spells:

 Your Spells              Type           Power      Damage    Failure   Level
a - Beastly Appendage     Tmut           32%        N/A       2%          1
b - Wereblood             Tmut           16%        N/A       4%          2
c - Spider Form           Tmut/Pois      15%        N/A       10%         3

Your spell library contained the following spells:

 Spells                   Type           Power      Damage    Failure   Level
 Ice Form                 Ice/Tmut       9%         N/A       61%         4


Dungeon Overview and Level Annotations

Branches:
Dungeon (4/15)
 Temple: D:4-7

Altars:


Innate Abilities, Weirdness & Mutations

You have temporarily grown beastly horns and talons.
Your plain brown scales are hard. (AC +6)
You cannot fit into any form of body armour.
You are cold-blooded and may be slowed by cold attacks.


Message History

You feel much better. The gnoll hits you with a +0 spear.
The endoplasm closely misses you.
You closely miss the gnoll. Your headbutt misses the gnoll.
The gnoll is heavily wounded.
The gnoll hits you but does no damage. The endoplasm freezes you.
You are frozen.
You feel yourself slow down.
You hit the gnoll. Your headbutt misses the gnoll.
The gnoll is severely wounded.
The endoplasm barely misses you. The gnoll barely misses you.
You hit the gnoll but do no damage. You tail-slap the gnoll.
The gnoll is severely wounded.
The endoplasm freezes you.
You are frozen.
The gnoll hits you but does no damage. The gnoll hits you with a +0 spear.
The endoplasm freezes you.
You are frozen.
You feel as though you will be slow longer.
You hit the gnoll. Your kick misses the gnoll.
The gnoll is almost dead.
The gnoll closely misses you. The endoplasm freezes you.
You are frozen.
You hit the gnoll.
You kill the gnoll!
The endoplasm freezes you.
You are frozen.
* * * LOW HITPOINT WARNING * * *
You feel as though you will be slow longer.
The scorpion stings you.
* * * LOW HITPOINT WARNING * * *
You barely miss the scorpion. Your kick misses the scorpion.
The endoplasm freezes you.
You are frozen.
* * * LOW HITPOINT WARNING * * *
The scorpion stings you.
* * * LOW HITPOINT WARNING * * *
The endoplasm freezes you.
You are frozen.
You die...

#.# #.# #.# #.# #.#
#.#.# #.# #.#.# #.#
#.#.# #.#### #.#.#
#....# #s#.# ####.#
#@#.# ##.## #J#.##
###...####
#####....###........#
#.........)...#...##.#
#.####....###....## #
#.............#
#.#.#.####....#
#.#.#.. ....... #
#.#######.#.###


You could see a scorpion and an endoplasm.

Vanquished Creatures
  Grinder (D:3)
  2 adders (D:2)
  6 gnolls
  A worm (D:3)
  A dart slug (D:1)
  7 bats
  4 endoplasms
  2 giant cockroaches (D:3)
  7 goblins
  3 hobgoblins
  6 jackals
  2 kobolds (D:3)
  3 quokkas
  4 ball pythons
  4 frilled lizards
  4 rats
57 creatures vanquished.

Notes
Turn   | Place    | Note
-------+----------+-------------------------------------------
     0 | D:1      | nicolae the Draconian Transmuter began the quest for the
                  | Orb.
     0 | D:1      | Reached XP level 1. HP: 16/16 MP: 3/3
   179 | D:1      | Reached XP level 2. HP: 21/23 MP: 3/5
   182 | D:1      | Learned a level 2 spell: Wereblood
   549 | D:1      | Reached skill level 3 in Transmutations
  1271 | D:2      | Reached XP level 3. HP: 15/28 MP: 6/6
  1838 | D:2      | Reached skill level 4 in Transmutations
  1848 | D:2      | Reached XP level 4. HP: 34/35 MP: 4/7
  1874 | D:2      | Learned a level 3 spell: Spider Form
  2221 | D:3      | Noticed Grinder
  2242 | D:3      | Paralysed by Grinder for 3 turns
  2248 | D:3      | Killed Grinder
  2249 | D:3      | Reached skill level 5 in Transmutations
  2249 | D:3      | Reached XP level 5. HP: 34/40 MP: 8/8
  2249 | D:3      | Reached XP level 6. HP: 40/47 MP: 9/9
  3009 | D:3      | Identified the +1 buckler "Nafeidghu" {Int+7}
  3442 | D:4      | Frozen to death by an endoplasm

Illustrated notes

Levels and vault maps discovered:
D:1:      lightli_arrival_statue_moat, layout_loops_ring, st_stairs_3,
          kennysheep_pointless_box, kennysheep_crisscross, grunt_decor_clamped
D:2:      layout_rooms
D:3:      layout_loops_corners, nrook_loot_triangle, uniq_grinder
D:4:      layout_loops_ring, kennysheep_mini_moat, zin_statuary,
          jmf_multi_god_temple

Skill      XL: |  1  2  3  4  5  6 |
---------------+-------------------+-----
Transmutations | 3 4 5 |  5.0
Poison Magic   | 3 4 |  4.2
Fighting       | |  1.1
Dodging        | |  1.7
Unarmed Combat | |  3.0
Spellcasting   | |  2.0

Action                   |  1- 3 |  4- 6 || total
-------------------------+-------+-------++-------
Melee: Unarmed           |    92 |    86 ||   178
       Tailslap          |     9 |     9 ||    18
       Headbutt          |     9 |     9 ||    18
       Kick              |    13 |    16 ||    29
       Punch             |       |     1 ||     1
 Cast: Beastly Appendage |    17 |    17 ||    34
       Wereblood         |     1 |     2 ||     3
  Use: Scroll            |     1 |     3 ||     4
       Potion            |     1 |     2 ||     3
 Stab: Sleeping          |     1 |       ||     1
Armor: Skin              |    34 |    42 ||    76
Dodge: Dodged            |    75 |    50 ||   125

Table legend: (Time is in decaauts)
 A = Elapsed time spent in this place.
 B = Non-inter-level travel time spent in this place.
 C = Inter-level travel time spent in this place.
 D = Time resting spent in this place.
 E = Time spent auto-exploring this place.
 F = Levels seen in this place.
 G = Mean time per level.
                   A        B        C        D        E       F      G
               +--------+--------+--------+--------+--------+-----+--------+
         Total |   3448 |   3304 |    144 |    484 |   2278 |   4 |  862.0 |
       Dungeon |   3448 |   3304 |    144 |    484 |   2278 |   4 |  862.0 |
               +--------+--------+--------+--------+--------+-----+--------+

Top non-repeatable levels by time:
     D:1: 1355 daAuts
     D:3: 1186 daAuts
     D:2: 799 daAuts
     D:4: 107 daAuts
